 Dungeon Crawl Stone Soup version 0.28.0-45-g0d030f2227 (webtiles) character file.

Game seed: 18291668615940328141

81 Jerry the Chucker (level 4, -1/41 HPs)
             Began as a Troll Hunter on Apr 4, 2022.
             Slain by a gnoll
             ... wielding a +2 halberd of protection
              (6 damage)
             ... on level 3 of the Dungeon.
             The game lasted 00:05:40 (2041 turns).

Jerry the Chucker (Troll Hunter)                    Turns: 2041, Time: 00:05:40

Health: -1/41      AC:  4    Str: 20    XL:     4   Next: 19%
Magic:  3/3        EV: 10    Int:  9    God:
Gold:   66         SH:  0    Dex: 10    Spells: 3/3 levels left

rFire   . . .      SeeInvis .   g - +0 whip
rCold   . . .      Faith    .   (no shield)
rNeg    . . .      Spirit   .   b - +0 robe
rPois   .          Reflect  .   (helmet restricted)
rElec   .          Harm     .   (no cloak)
rCorr   .          Rampage  .   (gloves unavailable)
Will    .....                   (boots unavailable)
Stlth   +.........              (no amulet)
HPRegen 0.93/turn               (no ring)
MPRegen 0.08/turn               (no ring)

@: no status effects
A: large, unfitting armour, claws 3, regeneration 1, shaggy fur 1, tough skin 1
a: no special abilities


You were on level 3 of the Dungeon.
You visited 1 branch of the dungeon, and saw 3 of its levels.

You collected 66 gold pieces.

Inventory:

Hand Weapons
 a - a +0 short sword
 e - a +0 club
 g - a +0 whip (weapon)
Missiles
 c - 5 large rocks (quivered)
 d - 3 throwing nets
Armour
 b - a +0 robe (worn)
Jewellery
 i - an amulet of magic regeneration
Wands
 l - a wand of mindburst (12)
Scrolls
 f - a scroll of fear {unknown}
 h - 5 scrolls of identify {unknown}
 k - a scroll of vulnerability {unknown}
Potions
 j - a potion of brilliance {unknown}
 m - a potion of heal wounds {unknown}


   Skills:
 - Level 1.5 Fighting
 * Level 2.0 Maces & Flails
 + Level 4.1 Throwing
 + Level 2.4 Dodging
 - Level 0.3 Stealth


You had 3 spell levels left.
You didn't know any spells.
Your spell library was empty.

Dungeon Overview and Level Annotations

Branches:
Dungeon (3/15)

Altars:


Innate Abilities, Weirdness & Mutations

You are too large for most types of armour.
You have claws for hands.
Your natural rate of healing is unusually fast.
You are covered in fur. (AC +1)
You have tough skin. (AC +1)


Message History

The gnoll is almost dead.
The gnoll hits you but does no damage.
You barely miss the gnoll.
The gnoll is almost dead.
The gnoll hits you with a +0 spear.
You hit the gnoll.
You kill the gnoll!
Your Maces & Flails skill increases to level 2!
You see here a +0 spear.
HP restored.
You now have 66 gold pieces (gained 11).
A gnoll is nearby!
The gnoll shouts!
The gnoll barely misses you.
You hit the gnoll.
The gnoll is moderately wounded.
The gnoll hits you with a +2 halberd of protection!
You barely miss the gnoll.
The gnoll is moderately wounded.
The gnoll hits you with a +2 halberd of protection!
You hit the gnoll.
The gnoll is heavily wounded.
The gnoll closely misses you.
You closely miss the gnoll.
The gnoll is heavily wounded.
The gnoll hits you with a +2 halberd of protection!
* * * LOW HITPOINT WARNING * * *
You are too injured to fight recklessly!
You are too injured to fight recklessly!
You hit the gnoll but do no damage.
The gnoll is heavily wounded.
The gnoll hits you with a +2 halberd of protection!
* * * LOW HITPOINT WARNING * * *
You barely miss the gnoll.
The gnoll is heavily wounded.
The gnoll barely misses you.
You hit the gnoll but do no damage.
The gnoll is heavily wounded.
The gnoll hits you with a +2 halberd of protection.
You die...

#....# #.# #.......
#.##.###'# ######.# #.
#....... #.# # #.
#....... #<# #.#.
#....... #.# #.#
#.#.##....... #.. ..#
............ ### ...
##g#........ #.#.
#..@........
#.#.##..#.###### #
#.#..........#
#.###...#.##.#####
#<.........#.#...
####...#####.#.#
####.........).#.###
......................
.####.#.####..###.###.


You could see a gnoll.

Vanquished Creatures
  2 gnolls
  A worm (D:2)
  A dart slug (D:1)
  4 ball pythons
  4 bats
  6 endoplasms
  A giant cockroach (D:1)
  3 goblins
  3 hobgoblins (D:1)
  9 jackals (D:2)
  3 quokkas
  A frilled lizard (D:2)
  6 kobolds
  3 rats
47 creatures vanquished.

Notes
Turn   | Place    | Note
-------+----------+-------------------------------------------
     0 | D:1      | Jerry the Troll Hunter began the quest for the Orb.
     0 | D:1      | Reached XP level 1. HP: 19/19 MP: 0/0
   127 | D:1      | Reached XP level 2. HP: 27/27 MP: 1/1
   474 | D:1      | Reached skill level 1 in Maces & Flails
   539 | D:1      | Reached skill level 4 in Throwing
   599 | D:1      | Reached XP level 3. HP: 32/33 MP: 2/2
   752 | D:2      | Found a faded altar of an unknown god.
  1838 | D:3      | Reached XP level 4. HP: 41/41 MP: 3/3
  2041 | D:3      | Slain by a gnoll

Illustrated notes

Levels and vault maps discovered:
D:1:      nzn_arrival_water_spiral, layout_loops_cross, minmay_misc_feat_x,
          hangedman_glass_teeth
D:2:      layout_basic, ebering_ecumenical_altar_abandoned
D:3:      layout_basic, serial_shops, shop_statue, uniq_natasha

Skill      XL: |  1  2  3  4 |
---------------+-------------+-----
Dodging        | 2 |  2.4
Maces & Flails | 1 2 |  2.0
Throwing       | 4 |  4.1
Fighting       | |  1.5
Stealth        | |  0.3

Action                   |  1- 3 |  4- 6 || total
-------------------------+-------+-------++-------
Melee: Short sword       |    69 |       ||    69
       Whip              |   136 |    19 ||   155
       Punch             |     1 |       ||     1
 Stab: Sleeping          |     1 |       ||     1
Armor: Robe              |    85 |     1 ||    86
Dodge: Dodged            |   129 |     6 ||   135
